 Dungeon Crawl Stone Soup version 0.23-a0-319-gb40ba49 (webtiles) character file.

14952 iamserjio the Geomancer (level 12, -5/78 HPs)
             Began as a Human Earth Elementalist on Oct 14, 2018.
             Was a High Priest of Vehumet.
             Killed from afar by a fire giant (19 damage)
             ... with a fireball
             ... in a bailey.
             The game lasted 00:54:43 (5961 turns).

iamserjio the Geomancer (Human Earth Elementalist)  Turns: 5961, Time: 00:54:44

Health: -5/78      AC:  7    Str:  8    XL:     12   Next: 51%
Magic:  20/24      EV: 18    Int: 26    God:    Vehumet [*****.]
Gold:   287        SH:  0    Dex: 20    Spells: 4/28 levels left

rFire    + . .     SeeInvis .   R - staff of earth
rCold    x . .     Gourm    .   (no shield)
rNeg     . . .     Faith    .   M - +3 leather armour {MR+}
rPois    +         Spirit   .   (no helmet)
rElec    .         Reflect  .   x - +0 cloak {rPois}
rCorr    .         Harm     .   (no gloves)
MR       +....                  (no boots)
Stlth    ++........             F - amulet of magic regeneration
HPRegen  1.23/turn              k - +6 ring of dexterity
MPRegen  0.44/turn              C - ring of fire

@: brilliant, regenerating
A: no striking features
a: Renounce Religion


You were in a bailey.
You worshipped Vehumet.
Vehumet was extremely pleased with you.
You were not hungry.

You visited 2 branches of the dungeon, and saw 11 of its levels.
You also visited: Bailey.

You collected 807 gold pieces.
You spent 520 gold pieces at shops.

Inventory:

Hand Weapons
 f - a -3 spear
 w - a +4 quarterstaff of chaos
 A - a +0 mace of draining
 B - a cursed +0 hand axe
 D - a +0 halberd of flaming
 W - the +6 mace "Heruwina" {protect, +Fly Str+6 Dex+4}
   (You found it on level 10 of the Dungeon)

   It protects the one who uses it against injury (+AC on strike).
   It affects your strength (+6).
   It affects your dexterity (+4).
   It lets you fly.
Missiles
 b - 66 stones (quivered)
 g - 227 arrows
 i - 6 javelins
 m - 5 throwing nets {!f}
Armour
 c - a +0 robe
 e - a +0 leather armour
 x - a +0 cloak of poison resistance (worn)
 M - a +3 leather armour of magic resistance (worn)
 O - a +2 robe of cold resistance
Magical Staves
 R - an uncursed staff of earth (weapon)
Jewellery
 a - an uncursed amulet of harm
 k - a +6 ring of dexterity (left hand)
 C - a ring of fire (right hand)
 F - an amulet of magic regeneration (around neck)
 G - an uncursed ring of wizardry
 N - a +4 amulet of reflection
 S - an uncursed ring of protection from magic
Wands
 K - a wand of polymorph (9)
 T - a wand of iceblast (2)
 V - a wand of flame (19)
 Z - a wand of acid (1)
Scrolls
 h - 4 scrolls of amnesia
 l - a scroll of fog
 s - a scroll of noise
 v - 2 scrolls of fear
 y - 5 scrolls of teleportation
 H - a scroll of vulnerability
 I - a scroll of blinking
 J - 5 scrolls of remove curse {@r2}
 Q - 4 scrolls of magic mapping
Potions
 j - 2 potions of flight
 n - 2 potions of cancellation
 o - 3 potions of haste {unknown}
 p - 3 potions of heal wounds
 q - 10 potions of curing {@q1}
 r - 4 potions of brilliance
 t - 4 potions of ambrosia
 u - 4 potions of magic {unknown}
 z - 2 potions of mutation {unknown}
 E - a potion of might {unknown}
 L - 2 potions of resistance
 P - 3 potions of invisibility {unknown}
 U - 2 potions of agility {unknown}
 X - 2 potions of experience {unknown}
Miscellaneous
 Y - a phial of floods (inert)
Comestibles
 d - 19 rations


   Skills:
 - Level 2.0 Fighting
 - Level 2.4 Staves
 + Level 9.2 Dodging
 - Level 2.0 Stealth
 * Level 8.6 Spellcasting
 + Level 5.3 Conjurations
 - Level 2.0 Charms
 - Level 2.0 Necromancy
 - Level 1.0 Transmutations
 - Level 1.0 Fire Magic
 * Level 12.6 Earth Magic
 + Level 2.5 Evocations


You had 4 spell levels left.
You knew the following spells:

 Your Spells              Type           Power        Failure   Level  Hunger
a - Sandblast             Erth           ######       1%          1    None
b - Stone Arrow           Conj/Erth      ######       1%          3    None
c - Passwall              Tmut/Erth      #######.     1%          2    None
d - Lee's Rapid Deconstr  Erth           #######...   1%          5    ####...
e - Bolt of Magma         Conj/Fire/Erth #######...   1%          5    ####...
f - Irradiate             Conj/Tmut      #####.....   7%          5    ####...
g - Regeneration          Chrm/Necr      #####.....   1%          3    None

Your spell library contained the following spells:

 Spells                   Type           Power        Failure   Level  Hunger
 Spellforged Servitor     Conj/Summ      #####.....   85%         7    #######
 Infusion                 Chrm           ####         1%          1    None
 Shroud of Golubria       Chrm/Tloc      ####......   1%          2    None
 Song of Slaying          Chrm           #####...     1%          2    None
 Spectral Weapon          Hex/Chrm       ####....     1%          3    None
 Petrify                  Tmut/Erth      #######.     1%          4    ##.....


Dungeon Overview and Level Annotations

Branches:
Dungeon (10/15)            Temple (0/1) D:5             Orc (1/2) D:10
   Lair: D:8-11

Altars:
Ashenzari
Cheibriados
Dithmenos
Elyvilon
Fedhas
Makhleb
Trog
Vehumet
Wu Jian
Yredelemnul
Zin

Shops:
D:6 :


Message History

The bolt of fire hits you! You resist.
Items here: )))) [[[[ ††
There is an open door, spattered with blood here.
Items here: )))))))) [[[[[[[[ †††† You close the door, pushing everything out of the way.
Items here: ) [[ †† a leather armour x2; a hand axe; an orc corpse x2
As you read the scroll of teleportation, it crumbles to dust.
You feel strangely unstable.
Casting: Sandblast (safe; 1% risk of failure)
Your skin crawls.
Casting: Regeneration (safe; 1% risk of failure)
Your skin crawls.
The fire giant gestures at you while chanting.
The fireball explodes!
The fireball engulfs you! You resist.
* * * LOW HITPOINT WARNING * * *
Your surroundings seem slightly different.
The fire giant gestures at you while chanting.
The fireball explodes!
The fireball engulfs you! You resist.
You die...

#.....⌠..)..#######
##.........##
#.........#
##.......## #.......#
##.)...## ##)####
##))...## .....#
#..@))..# .....#
##....)).## ....#
#.....))..# ....
##.....))..## ..#
#.....⌠..)§.###[###
##.........##88.88##
#......C..#...o...#
##.....o[##)C.....##.
#.....)[')........'.


You could see a fire giant and an orc warrior.

Vanquished Creatures
  An ettin (D:10)
  Harold (D:8)
  Erolcha (D:9)
  4 orc knights
  A centaur zombie (D:10)
  A moth of wrath (D:4)
  Maurice (D:9)
  Psyche (D:8)
  Joseph (D:8)
  A troll (Orc:1)
  Grinder (D:3)
  2 hippogriffs
  Sigmund (D:3)
  A wraith (D:10)
  A wyvern (D:10)
  4 hogs (D:7)
  A human (D:7)
  Menkaure (D:6)
  3 wargs (Orc:1)
  3 porcupines (D:9)
  A hornet zombie (D:9)
  3 ice beasts
  2 black bears
  A phantom (D:7)
  3 sky beasts
  2 ogres
  A necrophage (D:8)
  22 orc warriors
  3 centaurs
  5 bullfrogs
  A wyvern zombie (D:5)
  12 killer bees
  2 scorpions
  5 wights (D:6)
  2 howler monkeys (D:7)
  4 crimson imps
  Crazy Yiuf (D:2)
  2 jellies
  14 orc wizards
  12 orc priests
  2 hounds
  Jessica (D:2)
  A bullfrog skeleton (D:8)
  An iguana (D:6)
  9 worker ants
  2 killer bee zombies
  3 worker ant zombies (D:6)
  17 gnolls
  8 adders
  2 shadow imps
  2 adder skeletons
  An adder zombie (D:6)
  8 worms
  2 dart slugs
  4 leopard geckos
  76 orcs
  6 giant cockroaches
  20 goblins
  24 hobgoblins
  9 jackals
  2 kobolds
  5 quokkas
  2 ball pythons
  6 bats
  3 frilled lizards
  A leopard gecko zombie (D:6)
  A quokka skeleton (D:4)
  A quokka zombie (D:7)
  13 rats
361 creatures vanquished.

Notes
Turn   | Place    | Note
-------+----------+-------------------------------------------
     0 | D:1      | iamserjio the Human Earth Elementalist began the quest for
                  | the Orb.
     0 | D:1      | Reached XP level 1. HP: 13/13 MP: 3/3
   219 | D:1      | Reached XP level 2. HP: 8/19 MP: 1/5
   431 | D:1      | Reached XP level 3. HP: 18/24 MP: 4/6
   543 | D:2      | Reached skill level 4 in Earth Magic
   721 | D:2      | Reached XP level 4. HP: 30/30 MP: 2/7
   766 | D:2      | Found a radiant altar of Vehumet.
   775 | D:2      | Became a worshipper of Vehumet
   805 | D:2      | Learned a level 3 spell: Stone Arrow
   811 | D:2      | Learned a level 2 spell: Passwall
   818 | D:2      | Found a burning altar of Makhleb.
   855 | D:2      | Noticed Jessica
   858 | D:2      | Killed Jessica
   858 | D:2      | Reached XP level 5. HP: 35/35 MP: 6/8
   865 | D:2      | Found a shadowy altar of Dithmenos.
   916 | D:2      | Found a runed door.
   920 | D:2      | Noticed Crazy Yiuf
   925 | D:2      | Killed Crazy Yiuf
   925 | D:2      | Reached skill level 1 in Conjurations
   998 | D:3      | Reached skill level 5 in Earth Magic
  1167 | D:3      | Noticed Sigmund
  1172 | D:3      | Killed Sigmund
  1172 | D:3      | Reached skill level 1 in Staves
  1172 | D:3      | Reached XP level 6. HP: 40/41 MP: 2/9
  1227 | D:3      | Reached XP level 7. HP: 46/46 MP: 0/10
  1237 | D:3      | Reached * piety under Vehumet
  1237 | D:3      | Offered knowledge of Flame Tongue by Vehumet.
  1263 | D:2      | Found a blossoming altar of Fedhas.
  1374 | D:3      | Reached skill level 6 in Earth Magic
  1496 | D:3      | Found a glowing silver altar of Zin.
  1496 | D:3      | Noticed an angel
  1510 | D:3      | Noticed Grinder
  1514 | D:3      | Killed Grinder
  1549 | D:4      | Found an ornate altar of the Wu Jian Council.
  1582 | D:4      | Reached XP level 8. HP: 52/52 MP: 6/11
  1611 | D:4      | Reached skill level 7 in Earth Magic
  1618 | D:4      | Learned a level 5 spell: Lee's Rapid Deconstruction
  1755 | D:4      | Noticed a moth of wrath
  1758 | D:4      | Found a bloodstained altar of Trog.
  1809 | D:4      | Killed a moth of wrath
  1809 | D:4      | Reached skill level 5 in Dodging
  1855 | D:4      | Reached ** piety under Vehumet
  1867 | D:4      | Offered knowledge of Sting by Vehumet.
  2148 | D:5      | Entered Level 5 of the Dungeon
  2178 | D:5      | Reached skill level 8 in Earth Magic
  2178 | D:5      | Reached XP level 9. HP: 57/57 MP: 5/14
  2181 | D:5      | Found a staircase to the Ecumenical Temple.
  2341 | D:5      | Offered knowledge of Searing Ray by Vehumet.
  2553 | D:6      | Reached *** piety under Vehumet
  2559 | D:6      | Found Nyvamm's Book Boutique.
  2662 | D:6      | Found a white marble altar of Elyvilon.
  2742 | D:6      | Offered knowledge of Dazzling Spray by Vehumet.
  2782 | D:6      | Noticed Menkaure
  2784 | D:6      | Killed Menkaure
  2784 | D:6      | Reached skill level 9 in Earth Magic
  3120 | D:7      | Found a basalt altar of Yredelemnul.
  3377 | D:7      | Reached XP level 10. HP: 42/63 MP: 7/17
  3377 | D:7      | Reached skill level 5 in Spellcasting
  3378 | D:7      | Reached skill level 10 in Earth Magic
  3380 | D:7      | Reached **** piety under Vehumet
  3508 | D:8      | Noticed Harold
  3552 | D:8      | Killed Harold
  3560 | D:8      | Noticed Joseph
  3576 | D:8      | Killed Joseph
  3704 | D:8      | Found a shattered altar of Ashenzari.
  3715 | D:8      | Noticed Psyche
  3717 | D:8      | Reached skill level 11 in Earth Magic
  3717 | D:8      | Killed Psyche
  3717 | D:8      | Reached skill level 1 in Fighting
  3900 | D:8      | Reached XP level 11. HP: 49/71 MP: 11/20
  4013 | D:8      | Offered knowledge of Bolt of Magma by Vehumet.
  4085 | D:8      | Learned a level 5 spell: Bolt of Magma
  4199 | D:9      | Found a snail-covered altar of Cheibriados.
  4278 | D:9      | Noticed Maurice
  4282 | D:9      | Killed Maurice
  4282 | D:9      | Reached skill level 1 in Fire Magic
  4323 | D:9      | Reached skill level 1 in Evocations
  4353 | D:9      | Noticed Erolcha
  4360 | D:9      | Killed Erolcha
  4606 | D:10     | Entered Level 10 of the Dungeon
  4742 | D:10     | Got a brightly glowing mace
  4873 | D:10     | Reached ***** piety under Vehumet
  4900 | D:10     | Reached skill level 12 in Earth Magic
  5082 | D:10     | Offered knowledge of Irradiate by Vehumet.
  5102 | D:10     | Learned a level 5 spell: Irradiate
  5149 | D:10     | Found a staircase to the Orcish Mines.
  5170 | Orc:1    | Entered Level 1 of the Orcish Mines
  5170 | Orc:1    | Noticed an ettin
  5192 | Orc:1    | Noticed an orc knight
  5192 | Orc:1    | Noticed Fannar
  5216 | D:10     | Killed an ettin
  5216 | D:10     | Reached XP level 12. HP: 28/78 MP: 9/23
  5370 | D:6      | Bought a book of Battle for 520 gold pieces
  5374 | D:6      | Learned a level 3 spell: Regeneration
  5564 | Orc:1    | Reached skill level 1 in Necromancy
  5592 | Orc:1    | Reached skill level 1 in Charms
  5652 | Orc:1    | Reached skill level 5 in Conjurations
  5698 | Orc:1    | Found a flagged portal.
  5709 | Bailey   | Entered a bailey
  5744 | Bailey   | Offered knowledge of Spellforged Servitor by Vehumet.
  5892 | Bailey   | Identified the +6 mace "Heruwina" {protect, +Fly Str+6
                  | Dex+4} (You found it on level 10 of the Dungeon)
  5943 | Bailey   | Noticed an orc warlord
  5947 | Bailey   | Noticed a fire giant
  5947 | Bailey   | an orc warlord changed into a fire giant
  5961 | Bailey   | Killed from afar by a fire giant

Vault maps used:
D:1:      dpeg_arrival_snail, serial_park_tiny_pond, minmay_strange_pillars,
          minmay_split_cup_small
D:2:      lemuel_upstairs_altar, vehumet_crystals,
          lemuel_coloured_pillars_altar, lemuel_doored_altar, minmay_quantized,
          uniq_jessica, uniq_crazy_yiuf_cottage
D:3:      zin_angel, uniq_grinder, uniq_sigmund
D:4:      tgw_trog, kennysheep_mini_moat
D:5:      minmay_temple_entry_mist, first_ration
D:6:      elyvilon_altar_4, serial_shops, shop, lemuel_flamethrower_1,
          uniq_menkaure
D:7:      lemuel_round_altar, grunt_livestock
D:8:      ashenzari_altar_1, uniq_joseph, uniq_psyche, uniq_harold
D:9:      cheibriados_altar_1, grunt_lair_entry_orc_guard_hut,
          kennysheep_generic_room_5, uniq_maurice, uniq_erolcha
D:10:     david_orc_4
Orc:1:    minmay_goldmine, serial_shops, nicolae_shop_window_shopping,
          enter_bailey_7, mines1_david, uniq_josephine, uniq_fannar
Bailey:   bailey_axe_minmay_hex_keep, bailey

Skill      XL: |  1  2  3  4  5  6  7  8  9 10 11 12 |
---------------+-------------------------------------+-----
Earth Magic    | 4 5 6 8 9 11 12 | 12.6
Dodging        | 3 4 5 6 8 9 |  9.2
Conjurations   | 2 3 4 5 |  5.3
Staves         | 1 2 |  2.4
Spellcasting   | 3 4 6 7 8 |  8.6
Fighting       | 1 2 |  2.0
Fire Magic     | 1 |  1.0
Evocations     | 2 |  2.5
Necromancy     | 2 |  2.0
Charms         | 2 |  2.0
Stealth        | |  2.0
Transmutations | |  1.0

Action                   |  1- 3 |  4- 6 |  7- 9 | 10-12 || total
-------------------------+-------+-------+-------+-------++-------
Melee: Spear             |    20 |     2 |       |       ||    22
       Quarterstaff      |       |    16 |    85 |    17 ||   118
       Staff             |       |       |       |    11 ||    11
 Cast: Sandblast         |    35 |    25 |    65 |   201 ||   326
       Stone Arrow       |       |     6 |    42 |    55 ||   103
       Lee's Rapid Decon |       |       |     6 |    56 ||    62
       Passwall          |       |       |       |     2 ||     2
       Regeneration      |       |       |       |     6 ||     6
Evoke: Phial of floods   |       |       |       |     1 ||     1
       Wand              |       |       |       |    19 ||    19
  Use: Scroll            |       |     4 |     9 |     5 ||    18
       Potion            |       |       |       |     2 ||     2
 Stab: Sleeping          |       |     2 |     1 |       ||     3
  Eat: Chunk             |       |     2 |    13 |    24 ||    39
Armor: Robe              |     1 |     6 |    10 |    11 ||    28
       Leather armour    |       |       |       |     4 ||     4
Dodge: Dodged            |    15 |    10 |    91 |   119 ||   235

Table legend:
 A = Non-vault XP
 B = Vault XP
 C = Vault XP percentage of total XP
 D = Non-vault monster count
 E = Vault monster count
 F = Vault count percentage of total count
                 A         B        C        D         E       F
            +---------+---------+-------+---------+---------+-------
      Total |   11215 |   10145 |  47.5 |     257 |     104 |  28.8
            +---------+---------+-------+---------+---------+-------
        D:1 |      27 |       5 |  15.6 |      16 |       3 |  15.8
        D:2 |     104 |      81 |  43.8 |      19 |       2 |   9.5
        D:3 |     220 |     485 |  68.8 |      32 |       2 |   5.9
        D:4 |     457 |     518 |  53.1 |      14 |       6 |  30.0
        D:5 |     365 |       0 |   0.0 |      22 |       0 |   0.0
        D:6 |     801 |     172 |  17.7 |      22 |       1 |   4.3
        D:7 |     843 |     977 |  53.7 |      17 |       5 |  22.7
        D:8 |     994 |    1900 |  65.7 |      26 |       3 |  10.3
        D:9 |    1367 |    2049 |  60.0 |      33 |       7 |  17.5
       D:10 |    3426 |     673 |  16.4 |      24 |      17 |  41.5
      Orc:1 |    2611 |      32 |   1.2 |      32 |       4 |  11.1
     Bailey |       0 |    3253 | 100.0 |       0 |      54 | 100.0
            +---------+---------+-------+---------+---------+-------
